Map: King Sejong Station LE

Players

lSKYl - Winner!

  • Race: Protoss Protoss
  • League: Gold
  • Spawn Location: 5:00

Fropez

  • Race: Protoss Protoss
  • League: Gold
  • Spawn Location: 11:00

VOD

Have the link to the VOD?

Description

Time

  • Played on: Oct. 7, 2016, 10:43 a.m.
  • Length: 8:54
Show
View Real Time Build Order
Export as new Build Order

lSKYl Protoss - Winner!

Build Orders:  

Get SALT Encoding   

  12  0:01  Probe (Chrono Boost)  
  13  0:11  Probe (Chrono Boost)  
  14  0:22  Probe (Chrono Boost)  
  14  0:23  Pylon  
  15  0:29  Assimilator  
  15  0:42  Gateway  
  15  0:44  Probe (Chrono Boost)  
  16  0:54  Probe (Chrono Boost)  
  17  1:05  Probe (Chrono Boost), Forge  
  18  1:15  Probe (Chrono Boost)  
  18  1:17  Pylon  
  18  1:48  Cybernetics Core  
  18  1:51  Protoss Ground Weapons Level 1 (Chrono Boost)  
  18  1:52  Probe  
  19  2:04  Probe  
  20  2:16  Probe  
  21  2:23  Gateway  
  21  2:25  Warp Gate (Chrono Boost)  
  21  2:27  Adept  
  23  2:33  Pylon  
  23  2:38  Assimilator  
  23  2:51  Probe  
  24  2:54  Adept  
  26  3:03  Probe  
  27  3:10  Nexus  
  27  3:15  Probe  
  27  3:16  Pylon  
  28  3:28  Adept  
  30  3:34  Adept  
  30  3:41  Pylon  
  32  4:06  Stalker x2 (Chrono Boost)  
  34  4:21  Probe  
  31  4:33  Probe  
  31  4:36  Stalker x2 (Chrono Boost)  
  34  4:45  Probe  
  35  4:57  Probe  
  36  5:07  Robotics Facility  
  36  5:09  Probe  
  37  5:18  Gateway  
  37  5:20  Stalker x2  
  41  5:21  Probe  
  41  5:23  Gateway  
  42  5:30  Twilight Council  
  42  5:33  Probe  
  43  5:45  Probe  
  43  5:47  Stalker x2  
  48  5:53  Blink  
  48  5:54  Immortal (Chrono Boost)  
  52  5:58  Probe  
  53  6:10  Probe  
  54  6:11  Protoss Ground Weapons Level 2 (Chrono Boost)  
  54  6:22  Probe  
  55  6:26  Stalker  
  55  6:27  Stalker x2  
  61  6:34  Pylon, Probe  
  61  6:36  Pylon  
  62  6:52  Probe  
  62  6:53  Assimilator, Immortal  
  67  7:00  Stalker  
  69  7:04  Probe  
  70  7:14  Pylon  
  70  7:15  Stalker x2  
  74  7:17  Probe  
  74  7:20  Assimilator  
  75  7:29  Probe  
  76  7:35  Pylon  
  76  7:39  Immortal  
  76  7:41  Probe  
  81  7:53  Probe  
  81  7:56  Stalker x2  
  86  8:05  Probe  
  87  8:17  Probe  
  92  8:29  Probe  
  81  8:43  Stalker x2  
  81  8:44  Stalker x2  
Show
View Real Time Build Order
Export as new Build Order

Fropez Protoss 

Build Orders:  

Get SALT Encoding   

  12  0:00  Probe (Chrono Boost)  
  13  0:14  Pylon  
  13  0:21  Probe (Chrono Boost)  
  14  0:31  Probe (Chrono Boost)  
  15  0:39  Gateway  
  15  0:42  Probe (Chrono Boost)  
  16  0:52  Probe (Chrono Boost)  
  16  0:54  Assimilator  
  17  1:10  Pylon  
  17  1:14  Probe (Chrono Boost)  
  18  1:25  Probe (Chrono Boost)  
  19  1:35  Probe (Chrono Boost)  
  20  1:52  Forge, Probe (Chrono Boost)  
  21  1:59  Assimilator  
  21  2:03  Cybernetics Core  
  21  2:05  Probe (Chrono Boost)  
  22  2:14  Pylon  
  22  2:19  Probe (Chrono Boost)  
  23  2:41  Mothership Core (Chrono Boost)  
  23  2:42  Warp Gate (Chrono Boost)  
  24  2:47  Adept  
  26  3:06  Probe (Chrono Boost)  
  27  3:18  Adept  
  27  3:19  Nexus  
  29  3:24  Probe (Chrono Boost)  
  30  3:39  Pylon  
  29  3:41  Pylon  
  29  3:45  Pylon  
  29  3:55  Probe (Chrono Boost)  
  28  4:06  Gateway  
  28  4:09  Probe, Gateway  
  29  4:23  Probe  
  30  4:30  Twilight Council  
  28  4:41  Stalker  
  28  4:50  Probe  
  28  4:51  Mothership Core  
  29  5:02  Probe  
  30  5:09  Pylon  
  30  5:12  Stalker x3  
  36  5:21  Probe  
  36  5:24  Blink (Chrono Boost)  
  36  5:28  Probe  
  38  5:40  Robotics Facility  
  38  5:48  Stalker  
  38  5:49  Stalker  
  42  5:51  Stalker  
  44  5:59  Probe  
  44  6:02  Pylon  
  45  6:04  Probe  
  46  6:14  Probe  
  46  6:15  Forge  
  47  6:20  Probe  
  48  6:29  Stalker x2  
  52  6:33  Observer (Chrono Boost)  
  53  6:42  Gateway  
  53  6:50  Pylon  
  53  7:00  Pylon  
  53  7:01  Stalker x2  
  57  7:06  Assimilator  
  57  7:10  Assimilator, Stalker  
  59  7:17  Probe x2  
  61  7:26  Observer (Chrono Boost)  
  58  7:34  Stalker x2  
  62  7:40  Stalker  
  62  7:42  Immortal (Chrono Boost)  
  64  8:11  Stalker x3  
  70  8:13  Immortal  
  64  8:40  Stalker x2  
Tags
 
League
GoldGold
Matchup
PvP
Replay Pack
All Mines
Spawn Locations
Cross Positions
Add a new tag
Caveats
  • Supply blocks, unpowered buildings, or Contaminate may cause inaccurate times.
  • Supply counts are checked every 10 seconds.